 Dungeon Crawl Stone Soup version 0.31-a0-222-gefeffbb62a (webtiles) character file.

Game seed: 3731701169261387241

37115 pokeman the Eclecticist (level 13, -4/72 HPs)
             Began as a Deep Elf Hedge Wizard on July 4, 2023.
             Was an Elder of Vehumet.
             Slain by a six-headed hydra (14 damage)
             ... on level 15 of the Dungeon on July 5, 2023.
             The game lasted 00:53:15 (19015 turns).

pokeman the Eclecticist (Deep Elf Hedge Wizard)    Turns: 19015, Time: 00:53:16

Health: -4/72      AC:  8    Str:  7    XL:     13   Next: 56%
Magic:  36/37      EV: 13    Int: 28    God:    Vehumet [****..]
Gold:   812        SH:  5    Dex: 14    Spells: 24/48 levels left

rFire   + . .        A - staff of earth
rCold   x . .        (no shield)
rNeg    . . .        P - +0 steam dragon scales
rPois   .            p - +0 helmet
rElec   .            y - scarf {shadows}
rCorr   .            K - +0 pair of gloves
SInv    .            (no boots)
Will    +....        B - amulet of reflection
Stlth   ++           C - ring "Vickoj" {Fire Int+3}
HPRegen 0.32/turn    u - ring of wizardry
MPRegen 0.25/turn

%: reflection, wizardry (x1)
@: no status effects
A: no striking features
a: Renounce Religion


You were on level 15 of the Dungeon.
You worshipped Vehumet.
Vehumet was greatly pleased with you.
You visited 2 branches of the dungeon, and saw 16 of its levels.
You also visited: Bailey.

You collected 956 gold pieces.
You spent 144 gold pieces at shops.

Inventory:

Missiles
 s - a throwing net
 F - 3 curare-tipped darts
Armour
 p - a +0 helmet (worn)
 y - a scarf of shadows (worn)
 K - a +0 pair of gloves (worn)
 P - +0 steam dragon scales (worn)
Magical Staves
 A - a staff of earth (weapon)
Jewellery
 i - an amulet of the acrobat
 j - a +5 ring of evasion
 k - a ring of protection from cold
 u - a ring of wizardry (right hand)
 B - an amulet of reflection (around neck)
 C - the ring "Vickoj" (left hand) {Fire Int+3}
   (You found it on level 6 of the Dungeon)

   [ring of fire]

   It enhances your fire magic.
   Int:       It affects your intelligence (+3).
   rF:        It protects you from fire.
   rC:        It makes you vulnerable to cold.
 G - a ring of protection from cold
 J - a ring of see invisible
Wands
 a - a wand of flame (14)
 n - a wand of charming (10)
 z - a wand of polymorph (16)
 E - a wand of digging (9)
 L - a wand of acid (4)
Scrolls
 c - a scroll of revelation {unknown}
 f - a scroll of brand weapon {unknown}
 l - a scroll of acquirement {unknown}
 x - 7 scrolls of teleportation
 H - a scroll of enchant weapon
 U - a scroll of amnesia {unknown}
 V - 2 scrolls of enchant armour {unknown}
 W - a scroll of noise {unknown}
Potions
 d - 2 potions of magic
 e - 6 potions of enlightenment {unknown}
 g - 2 potions of brilliance {unknown}
 h - 12 potions of curing
 m - 3 potions of lignification {unknown}
 o - 2 potions of might
 q - 3 potions of ambrosia {unknown}
 t - 2 potions of berserk rage {unknown}
 v - 3 potions of attraction {unknown}
 w - a potion of cancellation {unknown}
 D - 2 potions of heal wounds
 I - a potion of resistance {unknown}
 Q - 2 potions of haste {unknown}
Miscellaneous
 b - a phial of floods
 r - a lightning rod (4/4)
 T - a condenser vane


   Skills:
 - Level 5.0 Fighting
 + Level 4.1 Armour
 - Level 3.0 Dodging
 - Level 3.1 Stealth
 - Level 4.0 Shields
 * Level 18.4 Spellcasting
 + Level 10.8 Conjurations
 - Level 1.1 Summonings
 - Level 1.1 Translocations
 - Level 3.0 Ice Magic
 - Level 1.0 Air Magic
 * Level 16.7 Earth Magic
 - Level 1.1 Poison Magic
 - Level 2.1 Evocations


You had 24 spell levels left.
You knew the following spells:

 Your Spells              Type           Power      Damage    Failure   Level
a - Magic Dart            Conj           100%       1d8       0%          1
b - Mephitic Cloud        Conj/Pois/Air  50%        N/A       1%          3
c - Call Imp              Summ           64%        N/A       1%          2
d - Blink                 Tloc           64%        N/A       1%          2
e - Freezing Cloud        Conj/Ice/Air   26%        6-21      1%          5
f - Lee's Rapid Deconstr  Erth           54%        3d25*     1%          5
g - Leda's Unmaking       Conj/Erth      50%        9d8       1%          6

Your spell library contained the following spells:

 Spells                   Type           Power      Damage    Failure   Level
 Flame Wave               Conj/Fire      71%        2d16      1%          4
 Apportation              Tloc           64%        N/A       1%          1
 Freeze                   Ice            100%       1d10      1%          1
 Necrotise                Necr           100%       1d9       1%          1
 Slow                     Hex            100%       N/A       1%          1
 Summon Small Mammal      Summ           100%       N/A       1%          1
 Cigotuvi's Dreadful Rot  Necr/Pois/Air  58%        N/A       1%          2
 Wereblood                Tmut           25%        N/A       1%          2
 Frozen Ramparts          Ice            84%        1d13      1%          3
 Hailstorm                Conj/Ice       59%        3d13      1%          3
 Ignite Poison            Fire/Tmut/Pois 41%        N/A       1%          3
 Portal Projectile        Hex/Tloc       56%        N/A       1%          3
 Tukima's Dance           Hex            25%        N/A       1%          3
 Leda's Liquefaction      Hex/Erth       41%        N/A       1%          4
 Borgnjor's Vile Clutch   Necr/Erth      41%        N/A       1%          5
 Statue Form              Tmut/Erth      55%        N/A       3%          6
 Alistair's Intoxication  Tmut/Pois      18%        N/A       16%         5
 Blade Hands              Tmut           12%        N/A       19%         5
 Eringya's Noxious Bog    Tmut/Pois      14%        N/A       22%         6
 Ignition                 Fire           19%        3d7       99%         8


Dungeon Overview and Level Annotations

Branches:
Dungeon (15/15)            Temple (1/1) D:5            Lair (0/5) D:10
    Orc (0/2) D:12         Vaults (0/5) D:13         Bailey (visited)
 Depths: D:15

Altars:
Ashenzari
Cheibriados
Dithmenos
Elyvilon
Fedhas
Gozag
Hepliaklqana
Kikubaaqudgha
Makhleb
Nemelex Xobeh
Okawaru
Qazlal
Sif Muna
Trog
Uskayaw
Vehumet
Wu Jian
Yredelemnul
Zin
The Shining One

Shops:
D:9 !   D:12 (   D:13 :

Annotations:
D:10 Lake


Message History

Done exploring.
Done exploring.
There is a stone staircase leading down here.
You climb downwards.
Found a scale mail and a wand of digging (5).
There is a stone staircase leading up here.
E - a wand of digging (9) (gained 5 charges)
You now have 802 gold pieces (gained 10).
You now have 812 gold pieces (gained 10).
A six-headed hydra comes into view.
The six-headed hydra roars!
You hear a horrible gurgling sound! x5
Casting: Leda's Unmaking (dangerous; 1% risk of failure)
Confirm with . or Enter, or press ? or * to list all spells.
You blink.
A centaur and 5 cyan ugly things come into view.
The centaur shouts!
The cyan ugly thing gurgles horribly!
The centaur wields a +0 shortbow.
The centaur shoots an arrow.
The arrow closely misses you.
A cyan ugly thing comes into view.
A centaur comes into view.
Unknown command.
The six-headed hydra bites you!
The six-headed hydra bites you but does no damage.
The six-headed hydra closely misses you.
You block the six-headed hydra's attack. x2
The six-headed hydra bites you.
You feel stable enough to blink again. The six-headed hydra misses you.
The six-headed hydra bites you! x3
The six-headed hydra closely misses you.
The six-headed hydra bites you!
* * * LOW HITPOINT WARNING * * *
There is an open door, spattered with blood here.
Unknown command.
Unknown command.
The six-headed hydra attacks as you move away!
The six-headed hydra closely misses you.
The six-headed hydra bites you but does no damage.
The six-headed hydra bites you.
* * * LOW HITPOINT WARNING * * *
The six-headed hydra bites you!
You die...

#......#
#......#
#......#
##.....#######
#............
#..##########
#..#.......
#..#.......
#@##.......
#.D.u.uu.c.
#.#.u.u....
#.#...c....
#.#...u....
#.#########
#.. #.


You could see a six-headed hydra, 6 ugly things and a centaur.

Vanquished Creatures
  A fire dragon (D:14)
  2 vault guards (D:13)
  2 hydras
  Erica (D:11)
  A centaur warrior (D:13)
  4 boulder beetles
  2 two-headed ogres (D:11)
  2 tengu warriors (D:13)
  4 skeletal warriors (D:14)
  2 necromancers (D:13)
  3 wizards
  A deep elf pyromancer (D:13)
  An orc knight (Bailey)
  2 cyclopes
  2 manticores
  7 ugly things
  The ghost of pokeman the Thaumaturge, a novice DEHW (D:6)
  Maurice (D:8)
  2 gargoyles
  3 komodo dragons
  3 kobold demonologists
  4 trolls (D:12)
  2 wraiths (D:11)
  2 shadows
  2 vampires (D:12)
  19 yaks
  18 humans (D:13)
  A basilisk (D:10)
  Grum (D:8)
  4 wyverns
  8 vampire mosquitoes
  4 steam dragons
  The ghost of dthurber the Chiller, an amateur HuIE (D:3)
  3 acid dragons
  A water moccasin (D:6)
  2 black bears
  An ice beast (D:5)
  10 orc warriors
  3 sky beasts
  4 wolves (D:8)
  An ogre (D:5)
  13 centaurs
  2 phantoms
  7 kobold brigands
  A gnoll sergeant (D:7)
  4 bullfrogs
  3 scorpions
  15 killer bees
  9 electric eels
  11 howler monkeys
  4 hounds
  4 orc priests
  Ijyb (D:3)
  5 iguanas
  7 orc wizards
  Robin (D:3)
  7 gnolls
  A river rat (D:3)
  8 adders
  2 worms
  A dart slug (D:1)
  41 orcs
  6 ball pythons
  7 endoplasms
  5 giant cockroaches
  11 goblins
  10 hobgoblins
  2 jackals (D:1)
  34 kobolds
  4 quokkas
  5 bats
  A frilled lizard (D:1)
  2 rats (D:1)
372 creatures vanquished.

Vanquished Creatures (others)
  An electric eel (D:11)
  An orc wizard (D:9)
2 creatures vanquished.

Grand Total: 374 creatures vanquished

Notes
Turn   | Place    | Note
-------+----------+-------------------------------------------
     0 | D:1      | pokeman the Deep Elf Hedge Wizard began the quest for the
                  | Orb.
     0 | D:1      | Reached XP level 1. HP: 10/10 MP: 7/7
     4 | D:1      | Got the Papyrus of Amorphous Combustion
   362 | D:1      | Reached XP level 2. HP: 15/15 MP: 5/9
   859 | D:1      | Found a faded altar of an unknown god.
   912 | D:1      | Reached skill level 5 in Spellcasting
  1364 | D:2      | Reached XP level 3. HP: 14/20 MP: 8/11
  1369 | D:2      | Learned a level 3 spell: Mephitic Cloud
  1373 | D:2      | Learned a level 2 spell: Call Imp
  1376 | D:2      | Learned a level 2 spell: Blink
  1941 | D:3      | Found a burning altar of Makhleb.
  1941 | D:3      | Found a white marble altar of Elyvilon.
  1945 | D:3      | Noticed Robin
  1968 | D:3      | Killed Robin
  1969 | D:3      | Reached skill level 1 in Fighting
  1969 | D:3      | Reached skill level 1 in Armour
  2080 | D:3      | Reached XP level 4. HP: 25/25 MP: 6/13
  2173 | D:3      | Found a runed translucent door.
  2388 | D:3      | Reached skill level 6 in Spellcasting
  2516 | D:3      | Reached XP level 5. HP: 26/29 MP: 5/15
  2614 | D:3      | Found a runed translucent door.
  2615 | D:3      | Noticed dthurber's ghost (amateur HuIE)
  2620 | D:3      | Noticed Ijyb
  2640 | D:3      | Killed Ijyb
  2944 | D:4      | Noticed a phantom
  3159 | D:4      | Reached skill level 1 in Air Magic
  3159 | D:4      | Reached skill level 1 in Poison Magic
  3270 | D:4      | Learned a level 5 spell: Freezing Cloud
  3316 | D:4      | Reached XP level 6. HP: 34/34 MP: 14/17
  3776 | D:4      | Reached skill level 7 in Spellcasting
  3928 | D:4      | Reached skill level 1 in Ice Magic
  3928 | D:4      | Reached skill level 1 in Evocations
  4270 | D:5      | Entered Level 5 of the Dungeon
  4443 | D:5      | Found a staircase to the Ecumenical Temple.
  4461 | D:5      | Reached XP level 7. HP: 38/38 MP: 16/20
  4735 | D:5      | Reached skill level 8 in Spellcasting
  5304 | D:6      | Reached skill level 1 in Earth Magic
  5478 | D:6      | Reached XP level 8. HP: 40/44 MP: 14/22
  5486 | D:6      | Reached skill level 9 in Spellcasting
  5703 | D:6      | Identified the ring "Vickoj" {Fire Int+3}
  6017 | D:6      | Reached skill level 5 in Conjurations
  6193 | D:6      | Found a runed translucent gate.
  6194 | D:6      | Found a runed translucent gate.
  6194 | D:6      | Found a runed translucent gate.
  6196 | D:6      | Noticed pokeman's ghost (novice DEHW)
  6508 | D:7      | Reached skill level 10 in Spellcasting
  6544 | D:7      | You fall into a shaft and drop 3 floors!
  6544 | D:10     | Entered Level 10 of the Dungeon
  6568 | D:9      | Found Jaidwada's Distillery.
  6688 | D:8      | Reached XP level 9. HP: 48/48 MP: 17/25
  6954 | D:7      | Found a flagged portal.
  6965 | Bailey   | Entered a bailey
  6972 | Bailey   | Learned a level 5 spell: Lee's Rapid Deconstruction
  6979 | Bailey   | Learned a level 6 spell: Leda's Unmaking
  7123 | Bailey   | Reached skill level 11 in Spellcasting
  7123 | Bailey   | Reached skill level 5 in Earth Magic
  7637 | Bailey   | Identified the +1 pair of gloves of the Pirate {Contam Harm
                  | rPois rCorr MP-9}
  7639 | Bailey   | Noticed an orc knight
  7684 | Bailey   | Killed an orc knight
  8124 | D:7      | Reached skill level 12 in Spellcasting
  8383 | D:8      | Noticed a gargoyle
  8424 | D:8      | Killed a gargoyle
  8448 | D:8      | Reached XP level 10. HP: 42/56 MP: 7/28
  8492 | D:8      | Noticed Maurice
  8675 | D:8      | Killed Maurice
  8676 | D:8      | Reached skill level 1 in Shields
  8914 | D:8      | Found a broken altar of Ashenzari.
  8925 | D:8      | Found a snail-covered altar of Cheibriados.
  9069 | Temple   | Entered the Ecumenical Temple
  9176 | Temple   | Became a worshipper of Vehumet
  9557 | D:8      | Found a stormy altar of Qazlal.
  9575 | D:8      | Noticed Grum
  9583 | D:8      | Reached skill level 13 in Spellcasting
  9583 | D:8      | Reached skill level 10 in Earth Magic
  9584 | D:8      | Killed Grum
 10312 | D:9      | Bought a potion of curing for 36 gold pieces
 10312 | D:9      | Bought a potion of degeneration for 12 gold pieces
 10312 | D:9      | Bought a potion of heal wounds for 60 gold pieces
 10312 | D:9      | Bought a potion of curing for 36 gold pieces
 10314 | D:9      | Upgraded the game from 0.31-a0-221-gbddc013574 to
                  | 0.31-a0-222-gefeffbb62a
 10367 | D:9      | Identified the +2 hand axe of Doom {holy, Str+2}
 11022 | D:10     | Reached skill level 14 in Spellcasting
 11022 | D:10     | Reached XP level 11. HP: 60/60 MP: 25/31
 11022 | D:10     | Reached * piety under Vehumet
 11022 | D:10     | Offered knowledge of Sandblast by Vehumet.
 11480 | D:10     | Found a staircase to the Lair.
 12533 | D:3      | Killed dthurber's ghost
 12746 | D:6      | Killed pokeman's ghost
 13255 | D:11     | Offered knowledge of Kiss of Death by Vehumet.
 13385 | D:11     | Reached ** piety under Vehumet
 13388 | D:11     | Reached skill level 15 in Spellcasting
 13538 | D:11     | Noticed a two-headed ogre
 13544 | D:11     | Killed a two-headed ogre
 13649 | D:11     | Noticed Erica
 13657 | D:11     | Killed Erica
 13685 | D:11     | Noticed a two-headed ogre
 13960 | D:11     | Killed a two-headed ogre
 14124 | D:11     | Found a shadowy altar of Dithmenos.
 14340 | D:11     | Noticed a boulder beetle
 14348 | D:11     | Killed a boulder beetle
 14349 | D:11     | Reached XP level 12. HP: 43/64 MP: 0/33
 14903 | D:12     | Noticed a boulder beetle
 14907 | D:12     | Killed a boulder beetle
 15064 | D:12     | Found Ykennuos's Weapon Shop.
 15322 | D:12     | Reached skill level 16 in Spellcasting
 15322 | D:12     | Noticed a boulder beetle
 15340 | D:12     | Killed a boulder beetle
 15379 | D:12     | Found a staircase to the Orcish Mines.
 15384 | D:11     | Reached skill level 15 in Earth Magic
 16036 | D:12     | Offered knowledge of Stone Arrow by Vehumet.
 16171 | D:13     | Noticed a six-headed hydra
 16174 | D:13     | Killed a six-headed hydra
 16341 | D:13     | Reached *** piety under Vehumet
 16615 | D:13     | Reached skill level 17 in Spellcasting
 16632 | D:13     | Reached skill level 10 in Conjurations
 16636 | D:13     | Offered knowledge of Dazzling Flash by Vehumet.
 16641 | D:13     | Noticed a vault guard
 16716 | D:13     | Killed a vault guard
 16902 | D:13     | Found Hozxuel's Book Shoppe.
 16920 | D:13     | Noticed a centaur warrior
 16927 | D:13     | Killed a centaur warrior
 17044 | D:13     | Reached XP level 13. HP: 67/70 MP: 23/36
 17274 | D:13     | Found a gate to the Vaults.
 17525 | D:14     | Noticed a fire dragon
 18001 | D:14     | Killed a fire dragon
 18050 | D:14     | Reached **** piety under Vehumet
 18105 | D:14     | Reached skill level 18 in Spellcasting
 18349 | D:14     | Reached skill level 5 in Fighting
 18410 | D:14     | Found a stormy altar of Qazlal.
 18662 | D:14     | Offered knowledge of Flame Wave by Vehumet.
 18952 | D:15     | Entered Level 15 of the Dungeon
 19015 | D:15     | Slain by a six-headed hydra

Illustrated notes

Levels and vault maps discovered:
D:1:      minmay_arrival_open_corners, layout_loops_ring,
          dreamdust_ecumenical_altar_angels_and_demons
D:2:      layout_basic, nicolae_figureground_pulse
D:3:      layout_rooms, nicolae_overflow_two_pavilions, ebering_ghost_sewer_f,
          uniq_robin, uniq_ijyb
D:4:      layout_loops_corners, chequers_mini_garden, serial_park_tiny_pond
D:5:      layout_basic, minmay_temple_entry_from_below_b,
          minmay_strange_pillars, lemuel_flamethrower_1
D:6:      layout_basic, ebering_ghost_rock_garden, minmay_manual_macuahuitl
D:7:      layout_loops_ring, enter_bailey_2
D:8:      layout_basic, mainiacjoe_overflow_big_doors,
          mainiacjoe_overflow_surrounded_room, minmay_crossroads, uniq_maurice,
          uniq_grum
D:9:      layout_irregular_city, serial_shops, nicolae_shop_gibbet_a_chance
D:10:     layout_basic, erik_lair_dragon
D:11:     layout_basic, nicolae_dithmenos_through_a_glass_darkly, uniq_erica
D:12:     layout_loops_ring, orc_0_dummy, serial_shops, shop
D:13:     layout_gridville, grunt_vaults_entry_tiered, serial_shops, shop
D:14:     layout_loops_cross, minmay_splitting_lines,
          nicolae_qazlal_scattered_showers
D:15:     gammafunk_enter_depths_forms, layout_irregular_city,
          hangedman_decor_slide_cut, uniq_josephine
Temple:   minmay_crystal_spiral_temple

Skill      XL: |  1  2  3  4  5  6  7  8  9 10 11 12 13 |
---------------+----------------------------------------+-----
Spellcasting   | 5 6 7 8 10 12 14 15 17 18 | 18.4
Fighting       | 1 2 3 4 5 |  5.0
Armour         | 1 2 3 4 |  4.1
Conjurations   | 2 3 4 5 6 7 9 10 | 10.8
Stealth        | 3 |  3.1
Dodging        | 3 |  3.0
Air Magic      | 1 |  1.0
Poison Magic   | 1 |  1.1
Ice Magic      | 1 3 |  3.0
Evocations     | 1 2 |  2.1
Earth Magic    | 1 4 8 11 14 15 16 | 16.7
Shields        | 2 4 |  4.0
Summonings     | |  1.1
Translocations | |  1.1

Action                     |  1- 3 |  4- 6 |  7- 9 | 10-12 | 13-15 || total
---------------------------+-------+-------+-------+-------+-------++-------
  Melee: Dagger            |    27 |    66 |   116 |    75 |       ||   284
         Punch             |       |     1 |     2 |     1 |       ||     4
         Staff             |       |       |       |   105 |    15 ||   120
   Cast: Magic Dart        |    95 |    90 |   140 |    45 |       ||   370
         Mephitic Cloud    |     1 |    15 |    36 |    40 |     2 ||    94
         Call Imp          |       |     1 |     5 |     3 |       ||     9
         Blink             |       |       |     2 |       |     2 ||     4
         Freezing Cloud    |       |       |     1 |    73 |     9 ||    83
         Lee's Rapid Decon |       |       |     1 |    14 |    14 ||    29
         Leda's Unmaking   |       |       |       |    63 |    18 ||    81
  Evoke: Wand              |       |       |       |     2 |       ||     2
    Use: Scroll            |       |       |       |     8 |       ||     8
   Stab: Confused          |       |     9 |    13 |    14 |     2 ||    38
         Sleeping          |       |       |     1 |       |       ||     1
 Armour: Robe              |     3 |     8 |    16 |     2 |       ||    29
         Steam dragon scal |       |       |       |    19 |     7 ||    26
         Skin              |       |       |       |     5 |       ||     5
  Dodge: Dodged            |    21 |    52 |   135 |   150 |    18 ||   376
  Block: Other             |       |       |       |       |     7 ||     7

Table legend: (Time is in decaauts)
 A = Elapsed time spent in this place.
 B = Non-inter-level travel time spent in this place.
 C = Inter-level travel time spent in this place.
 D = Time resting spent in this place.
 E = Time spent auto-exploring this place.
 F = Levels seen in this place.
 G = Mean time per level.
                   A        B        C        D        E       F      G
               +--------+--------+--------+--------+--------+-----+--------+
         Total |  19079 |  17873 |   1206 |   1530 |  13060 |  17 | 1122.3 |
       Dungeon |  18073 |  16939 |   1134 |   1479 |  12630 |  15 | 1204.9 |
        Temple |    213 |    141 |     72 |      0 |     92 |   1 |  213.0 |
        Bailey |    791 |    791 |      0 |     51 |    338 |   1 |  791.0 |
               +--------+--------+--------+--------+--------+-----+--------+

Top non-repeatable levels by time:
    D:10: 1821 daAuts
    D:11: 1777 daAuts
    D:13: 1641 daAuts
     D:6: 1499 daAuts
     D:8: 1356 daAuts
     D:4: 1321 daAuts
     D:7: 1231 daAuts
    D:14: 1149 daAuts
    D:12: 1137 daAuts
     D:1: 1095 daAuts
     D:3: 1092 daAuts
     D:5: 1091 daAuts
     D:2: 901 daAuts
     D:9: 894 daAuts
  Bailey: 791 daAuts
